 Dungeon Crawl Stone Soup version 0.31-a0-1589-g8f5e8aebd6 (webtiles) character file.

Game seed: 9943445165015856868

4865 voltaire321 the Trooper (level 10, -8/77 HPs)
             Began as a Demonspawn Gladiator on Jan 6, 2024.
             Mangled by a yak (12 damage)
             ... on level 9 of the Dungeon.
             The game lasted 00:22:14 (8484 turns).

voltaire321 the Trooper (Demonspawn Gladiator)      Turns: 8484, Time: 00:22:15

Health: -8/77      AC: 13    Str: 22    XL:     10   Next: 26%
Magic:  7/17       EV: 14    Int: 14    God:
Gold:   486        SH:  0    Dex: 15    Spells: 14/19 levels left

rFire   . . .        k - +0 broad axe
rCold   . . .        (no shield)
rNeg    . . .        w - +3 ring mail of Quiet Fog {Str+3}
rPois   +            c - +0 helmet
rElec   .            (no cloak)
rCorr   .            y - +0 pair of gloves
SInv    .            (no boots)
Will    .....        (no amulet)
Stlth   +            o - +6 ring of intelligence
HPRegen 0.32/turn    z - ring of poison resistance
MPRegen 0.15/turn

%: no passive effects
@: unable to call your familiar, very slightly contaminated
A: hooves 2, thin metallic scales 1, powered by death 1, spiny 1
a: no special abilities


You were on level 9 of the Dungeon.
You visited 1 branch of the dungeon, and saw 9 of its levels.

You collected 486 gold pieces.

Inventory:

Hand Weapons
 k - a +0 broad axe (weapon)
Missiles
 d - 5 throwing nets
 e - a javelin
 s - 21 poisoned darts
 t - 7 boomerangs
 x - a curare-tipped dart
Armour
 c - a +0 helmet (worn)
 q - a +2 leather armour of cold resistance
 w - the +3 ring mail of Quiet Fog (worn) {Str+3}
   (You took it off a gnoll on level 5 of the Dungeon)

   Str+3:     It affects your strength (+3).
 y - a +0 pair of gloves (worn)
Jewellery
 o - a +6 ring of intelligence (left hand)
 z - a ring of poison resistance (right hand)
Wands
 b - a wand of digging (6)
 p - a wand of roots (5)
 B - a wand of flame (11)
Scrolls
 f - 3 scrolls of poison
 g - a scroll of butterflies
 l - a scroll of immolation {unknown}
 r - 4 scrolls of teleportation
 u - 2 scrolls of identify
Potions
 a - a potion of magic
 h - a potion of heal wounds
 i - a potion of invisibility
 j - 3 potions of haste
 m - a potion of curing
 n - 2 potions of mutation {unknown}
 v - 2 potions of lignification


   Skills:
 + Level 6.6 Fighting
 + Level 6.5 Axes
 - Level 2.0 Throwing
 + Level 5.6 Armour
 + Level 6.3 Dodging
 - Level 5.0 Spellcasting
 + Level 5.8 Summonings


You had 14 spell levels left.
You knew the following spells:

 Your Spells              Type           Power      Damage    Failure   Level
a - Call Imp              Summ           38%        N/A       3%          2
b - Call Canine Familiar  Summ           19%        N/A       8%          3

Your spell library contained the following spells:

 Spells                   Type           Power      Damage    Failure   Level
 Summon Small Mammal      Summ           76%        N/A       2%          1
 Freeze                   Ice            12%        1d3       26%         1
 Necrotise                Necr           12%        1d4       26%         1
 Mercury Vapours          Alch/Air       6%         N/A       36%         2
 Sublimation of Blood     Necr           3%         N/A       36%         2
 Frozen Ramparts          Ice            6%         1d1       61%         3
 Fugue of the Fallen      Necr           3%         N/A       61%         3
 Hailstorm                Conj/Ice       3%         3d5       61%         3
 Vampiric Draining        Necr           3%         2d6       61%         3
 Martyr's Knell           Necr/Summ      11%        N/A       63%         4
 Summon Blazeheart Golem  Fire/Summ      11%        N/A       63%         4
 Vhi's Electric Charge    Tloc/Air       6%         N/A       95%         4
 Curse of Agony           Necr           3%         N/A       100%        5
 Summon Hydra             Summ           9%         N/A       100%        7
 Maxwell's Capacitive Co  Air            1%         ∞         100%        8


Dungeon Overview and Level Annotations

Branches:
Dungeon (9/15)             Temple (0/1) D:5            Lair (0/5) D:8
    Orc: D:9-12

Altars:
Ashenzari
Cheibriados
Ru
Trog
Yredelemnul

Annotations:
D:1 2 runed translucent doors
D:2 Sigmund
D:5 3 runed translucent doors, Newt's ghost, novice MfGl
D:8 Jeremiah


Innate Abilities, Weirdness & Mutations

You have hoof-like feet.
You are partially covered in thin metallic scales. (AC +2)
You regenerate a little health from kills.
You are partially covered in sharp spines.


Message History

Your cerulean imp hits the yak but does no damage.
You hit the yak.
The yak is heavily wounded.
You closely miss the yak. You hit the yak. You hit the yak but do no damage.
The yak is struck by your spines. The yak gores you. x2
Your inugami hits the yak. The yak completely misses you.
The yak gores your inugami.
Your cerulean imp barely misses the yak.
You hit the yak. You kick the yak!
You kill the yak!
You hit the yak. You barely miss the yak. x2
The yak is struck by your spines. The yak misses you.
Your inugami hits the yak but does no damage.
The yak is struck by your spines. The yak gores you!
The yak gores your inugami but does no damage.
The yak gores you!
Your cerulean imp hits the yak but does no damage.
The yak gores you! The yak is struck by your spines.
The yak gores you but does no damage.
Your inugami barely misses the yak.
The yak gores your inugami!
Your inugami dies!
Your inugami disappears in a puff of smoke!
The yak misses you. The yak gores you!
Your cerulean imp hits the yak but does no damage.
Your life force feels restored.
You hit the yak but do no damage. You hit the yak. You slash the yak!
You hit the yak but do no damage. The yak is struck by your spines.
The yak gores you! x2
* * * LOW HITPOINT WARNING * * *
The yak gores you but does no damage. The yak is struck by your spines.
The yak closely misses you.
Your cerulean imp hits the yak but does no damage.
You hit the yak but do no damage. You hit the yak. x4
The yak is struck by your spines. The yak closely misses you.
The yak is struck by your spines. The yak gores you!
* * * LOW HITPOINT WARNING * * *
The yak gores you.
* * * LOW HITPOINT WARNING * * *
The yak gores you!
You die...

.. .. ..#+# .
...+##. ..#.#..
.......#...$...
...............
$......<.....#
###+###......#
#..........#
##..5.....#..
#.Y@Y....# .
#.YYY....#
#."......#
..........#
...........#
.............#
...............
...............


You could see 5 yaks and a friendly cerulean imp (summoned).

Vanquished Creatures
  Pikel (D:4)
  The ghost of Xavori the Trooper, a novice DjCK of Xom (D:6)
  A polar bear (D:8)
  Eustachio (D:4)
  A yak (D:9)
  Menkaure (D:7)
  Duvessa (D:7)
  A water moccasin (D:6)
  5 ice beasts
  4 black bears
  2 centaurs (D:7)
  A wolf (D:8)
  A weeping skull (D:8)
  2 kobold brigands
  5 bullfrogs
  A gnoll sergeant (D:5)
  4 wights (D:7)
  4 killer bees (D:8)
  A howler monkey (D:4)
  2 jellies
  5 orc priests
  3 hounds
  A gnoll bouda (D:5)
  2 sleepcaps
  An iguana (D:6)
  6 orc wizards
  Robin (D:2)
  12 gnolls
  14 adders
  4 dart slugs
  2 ribbon worms
  23 orcs
  11 ball pythons
  4 bats
  6 endoplasms
  5 giant cockroaches
  9 goblins
  8 hobgoblins
  8 jackals
  19 kobolds
  2 quokkas
  8 rats
  A spectral orc (D:8)
195 creatures vanquished.

Vanquished Creatures (collateral kills)
  An ice beast (D:8)
  A wight (D:7)
  Dowan (D:7)
  A bombardier beetle (D:5)
  An orc wizard (D:5)
  A gnoll (D:7)
  2 orcs (D:7)
  A ball python (D:6)
9 creatures vanquished.

Vanquished Creatures (others)
  A hobgoblin (D:2)
1 creature vanquished.

Grand Total: 205 creatures vanquished

Notes
Turn   | Place    | Note
-------+----------+-------------------------------------------
     0 | D:1      | voltaire321 the Demonspawn Gladiator began the quest for
                  | the Orb.
     0 | D:1      | Reached XP level 1. HP: 16/16 MP: 1/1
   114 | D:1      | Found a large runed translucent door.
   114 | D:1      | Found a large runed translucent door.
   131 | D:1      | Noticed a troll
   164 | D:1      | Gained mutation: You have large cloven feet. [demonic
                  | ancestry]
   164 | D:1      | Reached XP level 2. HP: 17/22 MP: 2/2
   588 | D:1      | Reached XP level 3. HP: 28/28 MP: 3/3
   886 | D:1      | Reached skill level 1 in Armour
  1304 | D:2      | Learned a level 2 spell: Call Imp
  1335 | D:2      | Noticed Sigmund
  1433 | D:2      | Noticed Robin
  1443 | D:2      | Killed Robin
  1444 | D:2      | Reached XP level 4. HP: 16/34 MP: 4/4
  2467 | D:3      | Identified the +1 spear "Poiteuz" {speed, Int-3 Dex+2
                  | Stlth+}
  2547 | D:3      | Reached skill level 1 in Summonings
  2547 | D:3      | Gained mutation: You regenerate a little health from kills.
                  | [demonic ancestry]
  2547 | D:3      | Reached XP level 5. HP: 2/40 MP: 6/6
  2548 | D:3      | HP: 1/40 [orc/+0 flail (3)]
  2754 | D:3      | Found a faded altar of an unknown god.
  3208 | D:4      | Noticed a lemure
  3210 | D:4      | Noticed a lemure
  3211 | D:4      | Noticed a lemure
  3211 | D:4      | Noticed Pikel
  3219 | D:4      | Reached skill level 1 in Spellcasting
  3278 | D:4      | Noticed a lemure
  3287 | D:4      | Killed Pikel
  3288 | D:4      | Gained mutation: You are partially covered in thin metallic
                  | scales. (AC +2) [demonic ancestry]
  3288 | D:4      | Reached XP level 6. HP: 9/48 MP: 6/9
  3288 | D:4      | Reached XP level 7. HP: 10/53 MP: 6/10
  3466 | D:4      | Found a broken altar of Ashenzari.
  3494 | D:4      | Noticed Eustachio
  3518 | D:4      | Killed Eustachio
  3785 | D:4      | Got the Book of the Nimbus and the Undead
  3937 | D:4      | Found a snail-covered altar of Cheibriados.
  4445 | D:5      | Entered Level 5 of the Dungeon
  4501 | D:5      | Reached XP level 8. HP: 42/60 MP: 10/12
  4628 | D:5      | Found a staircase to the Ecumenical Temple.
  4644 | D:5      | Identified the +3 ring mail of Quiet Fog {Str+3}
  4949 | D:5      | Found a runed translucent gate.
  4949 | D:5      | Found a runed translucent gate.
  4951 | D:5      | Found a runed translucent gate.
  4955 | D:5      | Noticed Newt's ghost (novice MfGl)
  5413 | D:5      | Identified the +1 ring mail "Sareola" {Fly rC- Int+4}
  5759 | D:6      | Reached skill level 5 in Axes
  5831 | D:6      | Reached skill level 5 in Fighting
  5831 | D:6      | Reached skill level 5 in Dodging
  5968 | D:6      | Found a runed translucent door.
  6039 | D:6      | Found a runed translucent door.
  6217 | D:6      | Noticed Xavori's ghost (novice DjCK)
  6305 | D:6      | Found a sacrificial altar of Ru.
  6388 | D:6      | Learned a level 3 spell: Call Canine Familiar
  6493 | D:6      | Gained mutation: You have hoof-like feet. [demonic
                  | ancestry]
  6493 | D:6      | Reached XP level 9. HP: 68/68 MP: 9/14
  6510 | D:6      | Killed Xavori's ghost
  6724 | D:7      | Noticed Dowan
  6725 | D:7      | Noticed Duvessa
  6755 | D:7      | Killed Dowan
  7211 | D:7      | Killed Duvessa
  7212 | D:7      | Reached skill level 5 in Armour
  7212 | D:7      | Reached skill level 5 in Summonings
  7357 | D:7      | Found a bloodstained altar of Trog.
  7500 | D:7      | Noticed Menkaure
  7508 | D:7      | Killed Menkaure
  8029 | D:8      | Noticed a polar bear
  8029 | D:8      | Noticed a polar bear
  8030 | D:8      | Noticed a rime drake
  8194 | D:8      | Gained mutation: You are partially covered in sharp spines.
                  | [demonic ancestry]
  8194 | D:8      | Reached XP level 10. HP: 73/74 MP: 15/17
  8223 | D:8      | Found a staircase to the Lair.
  8242 | D:8      | Reached skill level 5 in Spellcasting
  8394 | D:8      | Found a basalt altar of Yredelemnul.
  8445 | D:8      | Noticed Jeremiah
  8484 | D:9      | Mangled by a yak

Illustrated notes

Levels and vault maps discovered:
D:1:      erik_arrival_cave_to_civilisation [erik_arrival_cave_to_temple],
          layout_basic
D:2:      layout_loops_ring, grunt_ministairs_15, lemuel_flame_loot_1,
          uniq_robin, uniq_sigmund
D:3:      layout_loops_cross, dilly_ecumenical_altar_fadedgnrine
D:4:      layout_loops_corners, lemuel_round_altar,
          mainiacjoe_overflow_chevrons, uniq_eustachio, uniq_pikel
D:5:      layout_rooms, minmay_temple_entry_trees, gammafunk_ghost_necromancy
D:6:      layout_basic, good_gods_temple_1, mainiacjoe_overflow_small_starburst,
          ebering_ghost_sewer_f
D:7:      layout_gridville, trog_ov_bears_minmay, uniq_menkaure, uniq_duvessa
D:8:      layout_basic, yredelemnul_forgotten_temple_becter,
          hellmonk_lair_entry_icy, uniq_jeremiah
D:9:      layout_basic, nicolae_overflow_hidden_temple,
          nicolae_overflow_macrodata_refinement, minmay_orc_entry_temple_small

Skill      XL: |  1  2  3  4  5  6  7  8  9 10 |
---------------+-------------------------------+-----
Throwing       | 2 |  2.0
Axes           | 3 4 5 6 |  6.5
Dodging        | 3 4 5 6 |  6.3
Armour         | 1 2 3 4 5 |  5.6
Summonings     | 1 2 3 4 5 |  5.8
Fighting       | 3 4 5 6 |  6.6
Spellcasting   | 2 3 4 5 |  5.0

Action                     |  1- 3 |  4- 6 |  7- 9 | 10-12 || total
---------------------------+-------+-------+-------+-------++-------
  Melee: War axe           |   100 |   102 |   236 |       ||   438
         Kick              |    16 |    21 |   104 |    19 ||   160
         Punch             |       |       |     4 |       ||     4
         Broad axe         |       |       |   116 |    39 ||   155
  Throw: Throwing net      |     1 |       |       |       ||     1
   Cast: Call Imp          |       |       |    27 |     4 ||    31
         Call Canine Famil |       |       |     3 |     1 ||     4
  Evoke: Wand              |       |       |     4 |       ||     4
    Use: Scroll            |       |     7 |    10 |     1 ||    18
         Potion            |       |     1 |     1 |     1 ||     3
   Stab: Sleeping          |     2 |       |       |       ||     2
         Distracted        |       |       |     6 |       ||     6
 Armour: Leather armour    |    65 |    91 |   128 |       ||   284
         Ring mail         |       |       |   217 |    43 ||   260
  Dodge: Dodged            |   105 |    77 |   315 |    34 ||   531

Table legend: (Time is in decaauts)
 A = Elapsed time spent in this place.
 B = Non-inter-level travel time spent in this place.
 C = Inter-level travel time spent in this place.
 D = Time resting spent in this place.
 E = Time spent auto-exploring this place.
 F = Levels seen in this place.
 G = Mean time per level.
                   A        B        C        D        E       F      G
               +--------+--------+--------+--------+--------+-----+--------+
         Total |   8675 |   8246 |    429 |   1608 |   4417 |   9 |  963.9 |
       Dungeon |   8675 |   8246 |    429 |   1608 |   4417 |   9 |  963.9 |
               +--------+--------+--------+--------+--------+-----+--------+

Top non-repeatable levels by time:
     D:7: 1474 daAuts
     D:4: 1367 daAuts
     D:5: 1225 daAuts
     D:1: 1140 daAuts
     D:3: 1098 daAuts
     D:2: 933 daAuts
     D:6: 915 daAuts
     D:8: 505 daAuts
     D:9: 15 daAuts
